 Dungeon Crawl Stone Soup version 0.23.2-40-g277498a001 (webtiles) character file.

Game seed: 8425428157520148804

136 Deathwalker the Slasher (level 5, -12/38 HPs)
             Began as a Human Warper on Aug 19, 2019.
             Mangled by an ogre
             ... wielding a +0 giant club
              (19 damage)
             ... on level 4 of the Dungeon.
             The game lasted 00:10:57 (3439 turns).

Deathwalker the Slasher (Human Warper)              Turns: 3439, Time: 00:11:00

Health: -12/38     AC:  3    Str: 12    XL:     5   Next: 43%
Magic:  4/9        EV: 12    Int: 14    God:
Gold:   140        SH:  0    Dex: 12    Spells: 6/10 levels left

rFire    . . .     SeeInvis .   p - +2 short sword (holy)
rCold    . . .     Gourm    .   (no shield)
rNeg     . . .     Faith    .   b - +0 leather armour
rPois    .         Spirit   .   (no helmet)
rElec    .         Reflect  .   (no cloak)
rCorr    .         Harm     .   (no gloves)
MR       .....                  (no boots)
Stlth    +.........             (no amulet)
HPRegen  0.12/turn              (no ring)
MPRegen  0.11/turn              (no ring)

@: shrouded, very slightly contaminated
A: no striking features
a: no special abilities


You were on level 4 of the Dungeon.
You were not hungry.

You visited 1 branch of the dungeon, and saw 4 of its levels.

You collected 140 gold pieces.

Inventory:

Hand Weapons
 a - a +0 falchion
 l - a +1 hunting sling of flaming
 p - a +2 short sword of holy wrath (weapon)
Missiles
 e - 5 tomahawks of dispersal (quivered)
 n - 6 javelins
 v - 4 tomahawks
Armour
 b - a +0 leather armour (worn)
 q - a +0 ring mail
Jewellery
 o - an uncursed ring of fire {unknown}
 r - an uncursed ring of poison resistance {unknown}
 s - an uncursed ring of poison resistance {unknown}
 x - an uncursed ring of fire {unknown}
Scrolls
 c - a scroll of magic mapping {unknown}
 d - a scroll of blinking
 h - a scroll of identify {unknown}
 i - a scroll of fog
 j - a scroll of remove curse {unknown}
 k - 2 scrolls of fear
Potions
 g - 4 potions of heal wounds {unknown}
 m - a potion of agility {unknown}
 u - a potion of degeneration {unknown}
 w - a potion of experience {unknown}
Comestibles
 f - 3 rations


   Skills:
 + Level 2.2 Fighting
 * Level 3.5 Long Blades
 - Level 1.0 Throwing
 - Level 1.0 Armour
 + Level 2.8 Dodging
 * Level 3.1 Spellcasting
 + Level 3.1 Translocations


You had 6 spell levels left.
You knew the following spells:

 Your Spells              Type           Power        Failure   Level  Hunger
a - Blink                 Tloc           N/A          11%         2    ##.....
b - Shroud of Golubria    Chrm/Tloc      #.........   22%         2    ##.....

Your spell library contained the following spells:

 Spells                   Type           Power        Failure   Level  Hunger
 Gell's Gravitas          Tloc           ##........   22%         3    ###....
 Lesser Beckoning         Tloc           ##........   22%         3    ###....
 Teleport Other           Tloc           ##......     22%         3    ###....
 Passage of Golubria      Tloc           N/A          58%         4    #####..


Dungeon Overview and Level Annotations

Branches:
Dungeon (4/15)
 Temple: D:4-7

Altars:
Kikubaaqudgha

Annotations:
D:3 Sigmund


Message History

You hit the ogre.
The ogre is heavily wounded.
Your shroud bends the adder skeleton's attack away.
You hit the ogre.
The ogre is severely wounded.
Your shroud begins to fray at the edges.
The ogre hits you with a +0 giant club!!
Ouch! That really hurt!
* * * LOW HITPOINT WARNING * * *
Your shroud falls apart!
The adder skeleton bites you.
* * * LOW HITPOINT WARNING * * *
You see here a ring mail.
Casting: Shroud of Golubria (safe; 22% risk of failure)
Confirm with . or Enter, or press ? or * to list all spells.
Space distorts slightly along a thin shroud covering your body.
The adder skeleton barely misses you.
The ogre hits you with a +0 giant club!!
Ouch! That really hurt!
You die...

########## #........#
#........# #####
#........# #...#
#........# #...####
#......@.# #.......
#......ZO########.......
#.......................
'...................####
#..................##≈≈≈
#........#####..#.##≈≈.≈
#................##≈≈...
#........######.##≈§.≈.§
........# #...##§§.≈≈.≈


You could see an ogre and an adder skeleton.

Vanquished Creatures
  A hound (D:2)
  A hound skeleton (D:4)
  4 adders
  3 dart slugs (D:2)
  3 leopard geckos
  4 orcs (D:4)
  A giant cockroach (D:4)
  6 goblins
  A hobgoblin (D:1)
  2 jackals (D:2)
  2 quokkas (D:2)
  8 bats
  3 frilled lizards
  5 kobolds
  5 rats
49 creatures vanquished.

Notes
Turn   | Place    | Note
-------+----------+-------------------------------------------
     0 | D:1      | Deathwalker the Human Warper began the quest for the Orb.
     0 | D:1      | Reached XP level 1. HP: 16/16 MP: 3/3
   113 | D:1      | Reached XP level 2. HP: 16/22 MP: 5/5
   117 | D:1      | Learned a level 2 spell: Blink
   120 | D:1      | Learned a level 2 spell: Shroud of Golubria
   994 | D:2      | Reached XP level 3. HP: 11/27 MP: 5/7
  1024 | D:2      | Reached XP level 4. HP: 5/33 MP: 4/8
  1804 | D:2      | Found an ancient bone altar of Kikubaaqudgha.
  2387 | D:3      | Reached XP level 5. HP: 33/38 MP: 6/9
  2509 | D:3      | Noticed Sigmund
  3405 | D:4      | Noticed an ogre
  3439 | D:4      | Mangled by an ogre

Skill      XL: |  1  2  3  4 |
---------------+-------------+-----
Long Blades    | 3 |  3.5
Spellcasting   | 3 |  3.1
Fighting       | |  2.2
Throwing       | |  1.0
Armour         | |  1.0
Dodging        | |  2.8
Translocations | |  3.1

Action                   |  1- 3 |  4- 6 || total
-------------------------+-------+-------++-------
Melee: Falchion          |    84 |    30 ||   114
       Short sword       |       |    87 ||    87
 Cast: Shroud of Golubri |     3 |     9 ||    12
       Blink             |       |     1 ||     1
  Use: Scroll            |       |     4 ||     4
 Stab: Sleeping          |     1 |       ||     1
  Eat: Chunk             |       |     4 ||     4
       Ration            |       |     2 ||     2
Armor: Leather armour    |    28 |    36 ||    64
Dodge: Dodged            |    76 |   101 ||   177
       Rpst.: Falchion   |    23 |    12 ||    35
